 Dungeon Crawl Stone Soup version 0.30.1-11-g7821555f0a (webtiles) character file.

Game seed: 2632487252966076044

7458 anacleto the Grappler (level 10, -1/98 HPs)
             Began as a Troll Gladiator on Dec 3, 2023.
             Was a Follower of Ru.
             Slain by Snorg (15 damage)
             ... on level 10 of the Dungeon.
             The game lasted 00:29:50 (9098 turns).

anacleto the Grappler (Troll Gladiator)             Turns: 9098, Time: 00:29:51

Health: -1/98      AC: 11    Str: 28    XL:     10   Next: 94%
Magic:  9/9        EV: 13    Int:  4    God:    Ru [*.....]
Gold:   447        SH:  0    Dex: 11    Spells: 9/9 levels left

rFire   + +          +
                       - Unarmed
rCold   . . .        (no shield)
rNeg    . . .        I - +1 fire dragon scales
rPois   .            b - +0 hat
rElec   .            h - scarf {rC+ rF+}
rCorr   .            (gloves unavailable)
SInv    .            (boots unavailable)
Will    .....        A - amulet of the acrobat Stlth
                     J - +5 ring of evasion
HPRegen 1.16/turn    (no ring)
MPRegen 0.11/turn

%: acrobat
@: no status effects
A: large, unfitting armour, claws 3, regeneration 1, shaggy fur 1, tough skin 1,
no stealth, missing an eye
a: Renounce Religion


You were on level 10 of the Dungeon.
You worshipped Ru.
Ru was aware of your devotion.
You visited 2 branches of the dungeon, and saw 11 of its levels.
You also visited: Ossuary.

You collected 963 gold pieces.
You spent 516 gold pieces at shops.

Inventory:

Missiles
 k - 24 poisoned darts (quivered)
 s - 2 throwing nets
 y - 2 boomerangs of dispersal
 L - 6 boomerangs
Armour
 a - a +0 robe
 b - a +0 hat (worn)
 h - a scarf of resistance (worn)
 I - +1 fire dragon scales (worn)
Jewellery
 q - a ring of fire
 r - a +6 ring of intelligence
 A - an amulet of the acrobat (around neck)
 E - a ring of flight
 J - a +5 ring of evasion (left claw)
Wands
 l - a wand of light (4)
 D - a wand of polymorph (14)
 H - a wand of charming (5)
Scrolls
 i - 3 scrolls of teleportation
 o - 2 scrolls of silence
 t - a scroll of fear
 u - a scroll of fog {unknown}
 v - a scroll of blinking {unknown}
 w - 4 scrolls of vulnerability
 B - 2 scrolls of immolation {unknown}
 K - a scroll of identify
 M - a scroll of poison {unknown}
Potions
 c - 2 potions of ambrosia
 d - a potion of magic {unknown}
 e - 4 potions of curing
 f - 2 potions of berserk rage
 m - 3 potions of might
 n - 2 potions of brilliance {unknown}
 p - a potion of lignification {unknown}
 x - 3 potions of flight
 z - 3 potions of haste {unknown}
 F - 3 potions of invisibility
 G - a potion of mutation {unknown}
Miscellaneous
 j - a phial of floods


   Skills:
 + Level 5.9 Fighting
 + Level 6.8 Throwing
 - Level 2.4 Dodging
 * Level 13.8 Unarmed Combat


You had 9 spell levels left.
You didn't know any spells.
Your spell library contained the following spells:

 Spells                   Type           Power      Damage    Failure   Level
 Blink                    Tloc           0%         N/A       93%         2
 Lesser Beckoning         Tloc           0%         N/A       93%         2
 Momentum Strike          Conj/Tloc      0%         3d8       93%         2
 Sublimation of Blood     Necr           0%         N/A       93%         2
 Inner Flame              Hex/Fire       0%         N/A       99%         3
 Summon Guardian Golem    Hex/Summ       0%         N/A       99%         3
 Vhi's Electric Charge    Tloc/Air       0%         N/A       99%         3
 Animate Dead             Necr           0%         N/A       100%        4
 Flame Wave               Conj/Fire      0%         2d4       100%        4
 Petrify                  Tmut/Erth      0%         N/A       100%        4
 Sticky Flame             Conj/Fire      0%         2d3       100%        4
 Arcjolt                  Conj/Air       0%         1d10      100%        5
 Irradiate                Conj/Tmut      0%         3d11      100%        5
 Plasma Beam              Fire/Air       0%         2x1d11    100%        6
 Haunt                    Necr/Summ      0%         N/A       100%        7
 Orb of Destruction       Conj           0%         9d5       100%        7
 Spellforged Servitor     Conj/Summ      0%         N/A       100%        7
 Infestation              Necr           0%         N/A       100%        8
 Maxwell's Capacitive Co  Air            0%         ∞         100%        8


Dungeon Overview and Level Annotations

Branches:
Dungeon (10/15)            Temple (1/1) D:6         Ossuary (visited)
   Lair: D:8-11         Orc: D:9-12

Altars:
Ashenzari
Cheibriados
Dithmenos
Elyvilon
Fedhas
Gozag
Hepliaklqana
Kikubaaqudgha
Makhleb
Nemelex Xobeh
Okawaru
Qazlal
Ru
Sif Muna
Trog
Uskayaw
Vehumet
Wu Jian
Xom
Yredelemnul
Zin
The Shining One

Shops:
D:9 !

Annotations:
D:10 Snorg


Innate Abilities, Weirdness & Mutations

You are too large for most types of armour.
You have claws for hands.
Your natural rate of healing is unusually fast.
You are covered in fur. (AC +1)
You have tough skin. (AC +1)
You cannot be stealthy.
You are missing an eye, making it more difficult to aim.


Message History

Found a stone staircase leading up.
You feel sick.
Snorg shouts!
You feel sick.
You are no longer poisoned.
You feel much better.
Snorg goes berserk!
Throw: large rock
Press: ? - help, Q - select action, (/) - cycle Shift-Dir - straight line, f - Snorg
Aim: Snorg (berserk, 44% to hit)
You throw a large rock. The large rock hits Snorg!!
Snorg is moderately wounded.
Snorg completely misses you. Snorg closely misses you.
Snorg claws you but does no damage.
You claw Snorg!
Snorg is moderately wounded.
Snorg closely misses you. Snorg claws you. x2
You scratch Snorg.
Snorg is moderately wounded.
Snorg barely misses you. Snorg closely misses you. x2
You completely miss Snorg.
Snorg is moderately wounded.
Snorg closely misses you. Snorg misses you. Snorg completely misses you.
You mangle Snorg!!
Snorg is heavily wounded.
Snorg bites you! Snorg misses you. Snorg claws you!
* * * LOW HITPOINT WARNING * * *
You barely miss Snorg.
Snorg is heavily wounded.
Snorg misses you. Snorg barely misses you. Snorg claws you!
* * * LOW HITPOINT WARNING * * *
You feel much better. Snorg bites you. Snorg claws you!
* * * LOW HITPOINT WARNING * * *
Snorg misses you.
You barely miss Snorg. Your claw misses Snorg.
Snorg is heavily wounded.
Snorg bites you.
* * * LOW HITPOINT WARNING * * *
Snorg barely misses you. Snorg claws you!
* * * LOW HITPOINT WARNING * * *
Snorg misses you. Snorg claws you!
You die...

*,,,,,,,,,*,,,,,,,,,,,,
**,,,,,,,**..#,,,,,,,,,
******#+##.<#,8,,,,,8,
*,.......,,,,,,,,,
*,.......,,,,8,,,,
*,..(..,,,,,,,*,,,
*,...,,,,,,,,,*,,*
######T#**,#**,,,,,,**
##....@.###.##********
#.............,,,,*
#.....).......,,,,*
#.............,,,,*
********####..##..###.##,********
,,,,,,,##.##'###..#**,#*,****,,,*
,,,,,,,#.......#...#,,,,,,,,,,,,,
,,,,,,,#.......#...#,,,,,,,,,,,,,
,,,**,,##......#...#,,,,,,,,,,,,,


You could see Snorg (berserk).

Vanquished Creatures
  A two-headed ogre (D:8)
  Nergalle (D:10)
  A troll (D:9)
  Grinder (D:3)
  10 yaks
  A wyvern (D:4)
  A wraith (D:9)
  A steam dragon (D:7)
  An acid dragon (D:10)
  2 water moccasins (D:6)
  2 black bears (D:8)
  4 orc warriors
  An ice beast (D:5)
  3 ogres (D:5)
  3 centaurs
  A phantom (D:6)
  2 kobold brigands (D:8)
  A bullfrog (D:7)
  An elf zombie (Ossuary)
  8 wights
  11 killer bees
  A centaur zombie (Ossuary)
  2 howler monkeys
  A human zombie (Ossuary)
  6 orc priests
  2 gnoll boudas
  4 hounds
  2 jellies
  4 iguanas
  A sleepcap (D:6)
  14 orc wizards
  2 mummies (Ossuary)
  12 gnolls
  7 adders
  A white imp (D:7)
  An ufetubus (D:6)
  A worm (D:2)
  5 dart slugs
  21 orcs
  5 bats
  6 endoplasms
  2 giant cockroaches (D:4)
  5 goblins
  9 hobgoblins
  3 jackals (D:2)
  3 quokkas
  7 ball pythons
  4 frilled lizards
  2 gnoll zombies (Ossuary)
  6 goblin zombies
  A hobgoblin zombie (Ossuary)
  14 kobolds
  3 orc zombies (Ossuary)
  A quokka zombie (D:7)
  8 rats
223 creatures vanquished.

Vanquished Creatures (others)
  An orc (D:8)
1 creature vanquished.

Grand Total: 224 creatures vanquished

Notes
Turn   | Place    | Note
-------+----------+-------------------------------------------
     0 | D:1      | anacleto the Troll Gladiator began the quest for the Orb.
     0 | D:1      | Reached XP level 1. HP: 19/19 MP: 0/0
   139 | D:1      | Reached XP level 2. HP: 27/27 MP: 1/1
   295 | D:1      | Reached skill level 4 in Unarmed Combat
   689 | D:1      | Reached XP level 3. HP: 24/33 MP: 2/2
  1011 | D:2      | Found a faded altar of an unknown god.
  1087 | D:2      | Reached XP level 4. HP: 41/41 MP: 3/3
  1092 | D:2      | Found an iron altar of Okawaru.
  1294 | D:2      | Reached skill level 5 in Unarmed Combat
  1602 | D:3      | Noticed Grinder
  1620 | D:3      | Killed Grinder
  1621 | D:3      | Reached skill level 6 in Unarmed Combat
  1621 | D:3      | Reached XP level 5. HP: 32/48 MP: 4/4
  1621 | D:3      | Reached XP level 6. HP: 37/55 MP: 5/5
  1674 | D:3      | Reached skill level 7 in Unarmed Combat
  2019 | D:3      | Found a basalt altar of Yredelemnul.
  2440 | D:4      | Found a glowing silver altar of Zin.
  2493 | D:4      | Noticed a wyvern
  2500 | D:4      | Killed a wyvern
  2501 | D:4      | Reached skill level 8 in Unarmed Combat
  2501 | D:4      | Reached XP level 7. HP: 32/62 MP: 6/6
  3235 | D:5      | Entered Level 5 of the Dungeon
  3315 | D:5      | Reached skill level 9 in Unarmed Combat
  3631 | D:5      | Reached XP level 8. HP: 70/70 MP: 7/7
  3710 | D:5      | Reached skill level 10 in Unarmed Combat
  4058 | D:6      | Found a staircase to the Ecumenical Temple.
  4069 | Temple   | Entered the Ecumenical Temple
  4289 | Temple   | Became a worshipper of Ru the Awakened
  5125 | D:7      | Found a sand-covered staircase.
  5133 | Ossuary  | Entered an ossuary
  5318 | Ossuary  | Reached skill level 11 in Unarmed Combat
  5555 | D:6      | Reached XP level 9. HP: 48/81 MP: 8/8
  5578 | D:6      | Gained mutation: You are missing an eye, making it more
                  | difficult to aim. [Ru sacrifice]
  5578 | D:6      | Reached * piety under Ru
  5934 | D:7      | Found a stormy altar of Qazlal.
  6020 | D:7      | Found a burning altar of Makhleb.
  6020 | D:7      | Found a shadowy altar of Dithmenos.
  6384 | D:8      | Reached skill level 12 in Unarmed Combat
  6409 | D:7      | Reached skill level 5 in Throwing
  6631 | D:8      | Noticed a two-headed ogre
  6646 | D:8      | Killed a two-headed ogre
  6647 | D:8      | Reached XP level 10. HP: 62/94 MP: 9/9
  7091 | D:8      | Found a sparkling altar of Nemelex Xobeh.
  7305 | D:8      | Reached skill level 5 in Fighting
  7568 | D:9      | Found an iron altar of Okawaru.
  7731 | D:9      | Reached skill level 13 in Unarmed Combat
  7865 | D:9      | Found Jeyjaew's Distillery.
  8342 | D:9      | Found a glowing golden altar of the Shining One.
  8798 | D:9      | Bought a potion of might for 48 gold pieces
  8798 | D:9      | Bought a potion of heal wounds for 60 gold pieces
  8798 | D:9      | Bought a potion of berserk rage for 60 gold pieces
  8798 | D:9      | Bought a potion of flight for 36 gold pieces
  8798 | D:9      | Bought a potion of might for 48 gold pieces
  8798 | D:9      | Bought 2 potions of invisibility for 192 gold pieces
  8798 | D:9      | Bought a potion of flight for 36 gold pieces
  8798 | D:9      | Bought a potion of curing for 36 gold pieces
  9026 | D:10     | Entered Level 10 of the Dungeon
  9070 | D:10     | Gained mutation: You cannot be stealthy. [Ru sacrifice]
  9071 | D:10     | Noticed Nergalle
  9086 | D:10     | Killed Nergalle
  9087 | D:10     | Noticed Snorg
  9098 | D:10     | Slain by Snorg

Illustrated notes

Levels and vault maps discovered:
D:1:      dpeg_arrival_renting, layout_rooms
D:2:      layout_loops_ring, shapermc_ecumenical_altar_ellora, basic_altar,
          kennysheep_small_spiral
D:3:      minmay_inner_zag, layout_loops_ring, mainiacjoe_overflow_boulevard,
          minmay_misc_feat_plants, uniq_grinder
D:4:      layout_basic, mainiacjoe_overflow_brackets
D:5:      layout_rooms
D:6:      minmay_flawed_box, layout_loops_ring,
          minmay_temple_entry_statues_pillars
D:7:      layout_loops_ring, jmf_multi_god_temple, overflow_temple_1_default,
          enter_ossuary_4
D:8:      layout_basic, mainiacjoe_overflow_cross_hatched
D:9:      layout_basic, tso_oasis_becter,
          hellmonk_okawaru_the_only_friend_you_need, serial_shops, shop_statue,
          skrybe_limestone_x
D:10:     layout_gridville, enter_bailey_6, uniq_nergalle, uniq_snorg,
          uniq_harold, uniq_josephine, uniq_maurice
Temple:   eino_temple_water

Skill      XL: |  1  2  3  4  5  6  7  8  9 10 |
---------------+-------------------------------+-----
Unarmed Combat | 4 6 8 9 11 12 13 | 13.8
Throwing       | 3 5 6 |  6.8
Fighting       | 3 4 5 |  5.9
Dodging        | |  2.4

Action                     |  1- 3 |  4- 6 |  7- 9 | 10-12 || total
---------------------------+-------+-------+-------+-------++-------
  Melee: Unarmed           |    90 |    87 |   302 |   219 ||   698
         Punch             |     2 |     3 |    12 |     7 ||    24
  Throw: Throwing net      |       |     3 |     1 |       ||     4
         Large rock        |       |     1 |     1 |     1 ||     3
         Boomerang         |       |       |    59 |       ||    59
         Dart              |       |       |     3 |    25 ||    28
 Invoke: Sacrifice an Eye  |       |       |     1 |       ||     1
         Sacrifice Stealth |       |       |       |     1 ||     1
  Evoke: Wand              |       |       |       |     3 ||     3
    Use: Scroll            |       |       |     9 |     3 ||    12
         Potion            |       |       |     2 |     2 ||     4
   Stab: Sleeping          |     1 |     1 |       |       ||     2
 Armour: Robe              |    26 |    32 |    53 |       ||   111
         Fire dragon scale |       |       |    34 |    80 ||   114
  Dodge: Dodged            |    46 |    47 |   178 |   190 ||   461
